 Dungeon Crawl Stone Soup version 0.27-a0-286-g37e0bc138e (webtiles) character file.

Game seed: 5245963166082100079

158 Maedhros the Sneak (level 5, -1/33 HPs)
             Began as an Octopode Artificer on Feb 8, 2021.
             Slain by an orc
             ... wielding a +0 club
              (3 damage)
             ... on level 4 of the Dungeon.
             The game lasted 00:01:16 (228 turns).

Maedhros the Sneak (Octopode Artificer)              Turns: 228, Time: 00:01:16

Health: -1/33      AC:  1    Str: 11    XL:     5   Next: 39%
Magic:  5/5        EV: 14    Int: 14    God:
Gold:   33         SH:  0    Dex: 13    Spells: 4/4 levels left

rFire    . . .     SeeInvis .   (no weapon)
rCold    . . .     Faith    .   (no shield)
rNeg     . . .     Spirit   .   (helmet restricted)
rPois    .         Reflect  .   (no amulet)
rElec    .         Harm     .   (no ring)
rCorr    .         Rampage  .   (no ring)
Will     .....                  (no ring)
Stlth    ++++......             (no ring)
HPRegen  0.11/turn              (no ring)
MPRegen  0.09/turn              (no ring)
                                (no ring)
                                (no ring)

@: no status effects
A: almost no armour, stealthy swim, amphibious, 8 rings, constrict 8, camouflage
1, gelatinous body 1
a: no special abilities


You were on level 4 of the Dungeon.
You visited 1 branch of the dungeon, and saw 4 of its levels.

You collected 33 gold pieces.

Inventory:

Wands
 b - a wand of flame (9) (quivered)
 c - a wand of charming (13)
 d - a wand of random effects (13)


   Skills:
 - Level 1.0 Fighting
 + Level 3.4 Dodging
 * Level 5.2 Stealth
 + Level 4.3 Evocations


You had 4 spell levels left.
You didn't know any spells.
Your spell library was empty.

Dungeon Overview and Level Annotations

Branches:
Dungeon (4/15)
 Temple: D:4-7

Altars:


Innate Abilities, Weirdness & Mutations

You cannot wear most types of armour.
You are very stealthy in the water. (Stealth+)
You are amphibious.
You can wear up to eight rings at the same time.
You can use your tentacles to constrict eight enemies at once.
Your skin changes colour to match your surroundings (Stealth+).
Your rubbery body absorbs attacks. (AC +1, EV +1)


Message History

Unknown command.
Aiming: Charm
Press: ? - help, Shift-Dir - straight line, f - hound skeleton
Aim: a hound skeleton (chance to affect: 72%)
The orc struggles to resist.
The orc hits you with a +0 hand axe.
* * * LOW HITPOINT WARNING * * *
The hound skeleton misses you. The orc misses you.
An adder comes into view.
Unknown command.
You aren't carrying any potions.
Aiming: Charm
Press: ? - help, Shift-Dir - straight line, f - hound skeleton
Aim: a hound skeleton (chance to affect: 72%)
The orc is charmed.
The hound skeleton completely misses you.
The orc barely misses you. The hound skeleton bites you.
* * * LOW HITPOINT WARNING * * *
You swap places.
The adder closely misses your orc. The orc hits you with a +0 club.
You die...

###.### ####
.....# .....
....#......
##.#.#...... #
#...........
.##.#.#..#......
.....)..........
#...Zo@......>
#...So#.######
#.#)###.# .. ..
#. #.# # .# .#
.#


You could see an adder, an orc, a hound skeleton and a friendly orc (charmed).

Vanquished Creatures
  Menkaure (D:4)
  An orc priest (D:4)
  An adder (D:2)
  A dart slug (D:2)
  3 hobgoblins
  A ball python (D:3)
  A frilled lizard (D:2)
  A goblin (D:3)
  3 rats
13 creatures vanquished.

Notes
Turn   | Place    | Note
-------+----------+-------------------------------------------
     0 | D:1      | Maedhros the Octopode Artificer began the quest for the
                  | Orb.
     0 | D:1      | Reached XP level 1. HP: 13/13 MP: 1/1
    40 | D:2      | Reached skill level 2 in Stealth
    67 | D:2      | Reached XP level 2. HP: 14/18 MP: 2/2
   217 | D:4      | Noticed Menkaure
   223 | D:4      | Killed Menkaure
   224 | D:4      | Reached skill level 5 in Stealth
   224 | D:4      | Reached XP level 3. HP: 12/23 MP: 3/3
   224 | D:4      | Reached XP level 4. HP: 15/28 MP: 4/4
   224 | D:4      | Reached XP level 5. HP: 18/33 MP: 5/5
   228 | D:4      | Slain by an orc

Illustrated notes

Levels and vault maps discovered:
D:1:      lemuel_arrival_river_ford, layout_basic
D:2:      layout_basic, minmay_misc_feat_room, lemuel_blue_sif_altar,
          uniq_natasha
D:3:      cheibrodos_pilgrimage, layout_basic, gammafunk_temple_overflow_claw
D:4:      layout_loops_cross, uniq_sigmund, uniq_menkaure

Skill      XL: |  1  2 |
---------------+-------+-----
Stealth        | 2 5 |  5.2
Dodging        | 3 |  3.4
Evocations     | 4 |  4.3
Fighting       | |  1.0

Action                   |  1- 3 |  4- 6 || total
-------------------------+-------+-------++-------
Melee: Unarmed           |    19 |       ||    19
       Tentacles         |     5 |       ||     5
       Constrict         |     4 |       ||     4
Evoke: Wand              |     6 |     4 ||    10
 Stab: Sleeping          |     2 |       ||     2
Dodge: Dodged            |     9 |     9 ||    18

Table legend: (Time is in decaauts)
 A = Elapsed time spent in this place.
 B = Non-inter-level travel time spent in this place.
 C = Inter-level travel time spent in this place.
 D = Time resting spent in this place.
 E = Time spent auto-exploring this place.
 F = Levels seen in this place.
 G = Mean time per level.
                   A        B        C        D        E       F      G
               +--------+--------+--------+--------+--------+-----+--------+
         Total |    227 |    221 |      6 |      0 |      0 |   4 |   56.8 |
       Dungeon |    227 |    221 |      6 |      0 |      0 |   4 |   56.8 |
               +--------+--------+--------+--------+--------+-----+--------+

Top non-repeatable levels by time:
     D:3: 141 daAuts
     D:2: 63 daAuts
     D:1: 11 daAuts
     D:4: 10 daAuts
